 Dungeon Crawl Stone Soup version 0.25.1-2-g60ff931df9 (webtiles) character file.

Game seed: 7027642082087303571

354 Froggeryz the Sneak (level 6, -6/35 HPs)
             Began as a Kobold Assassin on Oct 20, 2020.
             Killed from afar by an orc wizard (10 damage)
             ... with a puff of flame
             ... on level 4 of the Dungeon.
             The game lasted 00:05:03 (2852 turns).

Froggeryz the Sneak (Kobold Assassin)               Turns: 2852, Time: 00:05:04

Health: -6/35      AC:  5    Str: 16    XL:     6   Next: 94%
Magic:  6/6        EV: 16    Int:  8    God:
Gold:   205        SH:  0    Dex: 17    Spells: 5/5 levels left

rFire    . . .     SeeInvis .   i - +3 dagger (venom)
rCold    . . .     Gourm    .   (shield restricted)
rNeg     . . .     Faith    .   b - +0 robe
rPois    .         Spirit   .   (no helmet)
rElec    .         Reflect  .   q - +1 cloak
rCorr    .         Harm     .   h - +0 pair of gloves
MR       .....                  (no boots)
Stlth    ++++......             l - amulet of regeneration
HPRegen  0.51/turn              k - +6 ring of strength
MPRegen  0.10/turn              r - -4 ring of intelligence (curse)

@: no status effects
A: small, carnivore
a: no special abilities


You were on level 4 of the Dungeon.
You were very full.

You visited 1 branch of the dungeon, and saw 4 of its levels.

You collected 205 gold pieces.

Inventory:

Hand Weapons
 i - a +3 dagger of venom (weapon)
Missiles
 d - 7 poisoned darts
 e - 2 curare-tipped darts (quivered)
Armour
 b - a +0 robe (worn)
 h - a +0 pair of gloves (worn)
 q - a +1 cloak (worn)
Jewellery
 k - a +6 ring of strength (left hand)
 l - an amulet of regeneration (around neck)
 r - a cursed -4 ring of intelligence (right hand)
Wands
 o - a wand of polymorph (7)
Scrolls
 p - 2 scrolls of immolation
Potions
 a - a potion of curing
 j - a potion of lignification
 m - a potion of mutation {unknown}
Comestibles
 c - 4 chunks of flesh
 f - 3 rations


   Skills:
 - Level 2.1 Fighting
 * Level 6.0 Short Blades
 - Level 2.1 Throwing
 + Level 3.6 Dodging
 * Level 7.9 Stealth


You had 5 spell levels left.
You didn't know any spells.
Your spell library was empty.

Dungeon Overview and Level Annotations

Branches:
Dungeon (4/15)
 Temple: D:4-7

Altars:
Ashenzari
Xom


Innate Abilities, Weirdness & Mutations

You are small and have problems with some larger weapons.
You are carnivorous and can eat meat at any time.


Message History

The orc wizard gestures at you while chanting.
The puff of flame misses you. The orc wizard barely misses you.
You hit the orc wizard.
The orc wizard is moderately wounded.
The orc wizard points at you and mumbles some strange words.
The puff of frost hits you!
* * * LOW HITPOINT WARNING * * *
The orc wizard hits you but does no damage.
You closely miss the orc wizard.
The orc wizard is moderately wounded.
The orc wizard misses you.
You feel yourself speed up.
You barely miss the orc wizard.
The orc wizard is heavily wounded.
The orc wizard hits you but does no damage.
You closely miss the orc wizard.
The orc wizard is heavily wounded.
The orc wizard casts a spell at you. The puff of flame hits you!
You die...

........##..#........#
........###.#........#
........####.....(...#
...####..# ##........#
..##..##.## #........#
# . #....#..#
#.>......#####
#_.⌠.##.#
#...........##
#.....#.#
#......####...
#...)#@# #.....## ####
#⌠...o)# #>...##
#...)### #....# #.....
###.. #_.⌠.# # #....
##..# ###


You could see an orc wizard (fast, poisoned).

Vanquished Creatures
  An ogre (D:4)
  Crazy Yiuf (D:3)
  An orc wizard (D:4)
  Terence (D:3)
  2 worker ants (D:4)
  6 adders
  A worm (D:2)
  A dart slug (D:3)
  4 leopard geckos
  7 orcs (D:4)
  4 giant cockroaches
  4 goblins
  12 hobgoblins
  7 jackals
  5 kobolds
  A quokka (D:2)
  10 bats
  2 frilled lizards
  A jackal skeleton (D:4)
  A quokka skeleton (D:4)
  4 rats
76 creatures vanquished.

Notes
Turn   | Place    | Note
-------+----------+-------------------------------------------
     0 | D:1      | Froggeryz the Kobold Assassin began the quest for the Orb.
     0 | D:1      | Reached XP level 1. HP: 12/12 MP: 1/1
   211 | D:1      | Reached XP level 2. HP: 13/17 MP: 2/2
   699 | D:1      | Reached XP level 3. HP: 20/21 MP: 3/3
   971 | D:2      | Reached skill level 6 in Stealth
  1038 | D:2      | Reached XP level 4. HP: 26/26 MP: 4/4
  1247 | D:2      | Found a faded altar of an unknown god.
  1673 | D:3      | Noticed Terence
  1675 | D:3      | Killed Terence
  1675 | D:3      | Reached XP level 5. HP: 30/30 MP: 5/5
  2015 | D:3      | Found a runed translucent door.
  2016 | D:3      | Noticed Crazy Yiuf
  2175 | D:3      | Reached skill level 7 in Stealth
  2333 | D:3      | Killed Crazy Yiuf
  2333 | D:3      | Reached skill level 5 in Short Blades
  2572 | D:4      | Reached XP level 6. HP: 35/35 MP: 6/6
  2652 | D:4      | Noticed an ogre
  2661 | D:4      | Killed an ogre
  2824 | D:4      | Found a shattered altar of Ashenzari.
  2825 | D:4      | Found a shimmering altar of Xom.
  2852 | D:4      | Killed from afar by an orc wizard

Illustrated notes

Levels and vault maps discovered:
D:1:      dpeg_arrival_renting, layout_basic
D:2:      layout_loops_ring, chequers_ecumenical_altar_grove
D:3:      layout_basic, kennysheep_cluttered_room, minmay_strange_pillars,
          uniq_terence, uniq_crazy_yiuf_cottage
D:4:      layout_cave_pods, gammafunk_temple_overflow_pools,
          nicolae_ossuary_entry_catacombs, uniq_duvessa

Skill      XL: |  1  2  3  4  5  6 |
---------------+-------------------+-----
Short Blades   | 3 4 5 6 |  6.0
Stealth        | 6 7 |  7.9
Dodging        | 2 3 |  3.6
Fighting       | |  2.1
Throwing       | |  2.1

Action                   |  1- 3 |  4- 6 || total
-------------------------+-------+-------++-------
Melee: Dagger            |    81 |   120 ||   201
Throw: Dart              |       |     6 ||     6
  Use: Scroll            |       |     5 ||     5
       Potion            |       |     1 ||     1
 Stab: Sleeping          |     4 |    17 ||    21
       Distracted        |     1 |     1 ||     2
  Eat: Chunk             |     9 |     5 ||    14
Armor: Robe              |     7 |    18 ||    25
Dodge: Dodged            |    50 |   103 ||   153
